 Dungeon Crawl Stone Soup version 0.16-a0-3706-g5dff784 (webtiles) character file.

168 Furman the Chopper (level 5, 0/67 HPs)
             Began as a Draconian Berserker on Jan 19, 2015.
             Was a Believer of Trog.
             Slain by a gnoll
             ... wielding a +0 halberd
              (8 damage)
             ... on level 3 of the Dungeon.
             The game lasted 00:04:18 (1554 turns).

Furman the Chopper (Draconian Berserker)            Turns: 1554, Time: 00:04:19

Health: 0/67       AC:  6    Str: 25    XL:     5   Next: 24%
Magic:  5/5        EV: 12    Int:  8    God:    Trog [**....]
Gold:   97         SH:  0    Dex: 10    Spells: 0 memorised, 4 levels left

rFire  . . .     SeeInvis .     a - +0 hand axe
rCold  . . .     Clarity  .     (armour unavailable)
rNeg   . . .     SustAb   .     (no shield)
rPois  .         Gourm    .     (helmet restricted)
rElec  .         Spirit   .     (no cloak)
rCorr  .         Warding  .     d - +0 pair of gloves
rMut   .         Stasis   .     (no boots)
MR     .....                    (no amulet)
Stlth  ..........               (no ring)
                                (no ring)

@: berserking, very quick, not resistant to hostile enchantments, extremely
unstealthy
A: unfitting armour, cold-blooded, AC +5
a: Burn Spellbooks, Berserk, Trog's Hand, Renounce Religion


You were on level 3 of the Dungeon.
You worshipped Trog.
Trog was pleased with you.
You were hungry.

You visited 1 branch of the dungeon, and saw 3 of its levels.

You collected 97 gold pieces.

Inventory:

Hand weapons
 a - a +0 hand axe (weapon)
Armour
 d - a +0 pair of gloves (worn)
Jewellery
 b - an uncursed ring of invisibility {unknown}
Magical devices
 n - a wand of random effects (20)
Scrolls
 f - a scroll of magic mapping {unknown}
 g - a scroll of identify {unknown}
 i - a scroll of fear {unknown}
 k - 2 scrolls of remove curse {unknown}
 l - a scroll of enchant weapon {unknown}
 p - a scroll of recharging {unknown}
Potions
 e - a potion of curing {unknown}
 h - a potion of might {unknown}
 j - a potion of resistance {unknown}
 m - a potion of poison {unknown}
 o - a potion of flight {unknown}
 q - a potion of beneficial mutation {unknown}
Comestibles
 c - 2 bread rations


   Skills:
 - Level 3.2 Fighting
 + Level 6.0 Axes
 - Level 2.6 Dodging


You had 4 spell levels left.
You didn't know any spells.

Dungeon Overview and Level Annotations

Branches:
Dungeon (3/15)

Altars:
Trog


Innate Abilities, Weirdness & Mutations

Your plain brown scales are hard (AC +5).
Your body does not fit into most forms of armour.
Your cold-blooded metabolism reacts poorly to cold.


Message History

The gnoll is moderately wounded.
The gnoll closely misses you.
You slash the gnoll!
You kill the gnoll!
Trog accepts your kill. The gnoll closely misses you.
You slash the gnoll!
The gnoll is severely wounded.
You completely miss the gnoll.
The gnoll is severely wounded.
The gnoll barely misses you.
The gnoll hits you from afar with a halberd!
* * * LOW HITPOINT WARNING * * *
You slash the gnoll!
You feel the power of Trog in you as your rage grows.
You kill the gnoll!
Trog accepts your kill.
Your Axes skill increases to level 6!
The gnoll hits you with a halberd!
You die...

########## ####
#........###### ##...#
#.###.........#
#.....##.###.#...###..
#.....@....(......#
#....g##.#####...##
##...# #.# ##.## ##..
#.######.# ##
#........# ########'##
##...## ##.....##
##.......##


You could see a gnoll.

Vanquished Creatures
  7 gnolls
  3 adders (D:2)
  5 worms (D:2)
  A ball python (D:2)
  6 giant cockroaches
  3 goblins (D:1)
  3 hobgoblins
  3 jackals (D:1)
  7 kobolds
  7 bats
  3 giant newts (D:1)
  6 rats
54 creatures vanquished.

Notes
Turn   | Place    | Note
--------------------------------------------------------------
     0 | D:1      | Furman, the Draconian Berserker, began the quest for the Orb.
     0 | D:1      | Reached XP level 1. HP: 19/19 MP: 1/1
   192 | D:1      | Reached XP level 2. HP: 24/26 MP: 2/2
   400 | D:1      | Acquired Trog's second power
   407 | D:1      | Reached skill level 4 in Axes
   564 | D:2      | Reached XP level 3. HP: 31/31 MP: 3/3
   933 | D:2      | Reached XP level 4. HP: 23/38 MP: 4/4
   937 | D:2      | Reached skill level 5 in Axes
  1471 | D:2      | Found a bloodstained altar of Trog.
  1510 | D:3      | Reached XP level 5. HP: 45/45 MP: 5/5
  1553 | D:3      | Reached skill level 6 in Axes
  1554 | D:3      | Slain by a gnoll

Action                   |  1- 3 |  4- 6 || total
-------------------------+-------+-------++-------
Melee: Hand axe          |   110 |    79 ||   189
Invok: Berserk           |     1 |     1 ||     2
  Eat: Chunk             |     1 |     2 ||     3
